 Dungeon Crawl Stone Soup version 0.17-a0-1954-g0dddeaa (webtiles) character file.

565282 esc the Black Belt (level 26, -6/253 HPs)
             Began as an Octopode Transmuter on Oct 3, 2015.
             Was the Champion of Cheibriados.
             Mangled by a green very ugly thing (17 damage)
             ... while paralysed by a great orb of eyes
             ... on level 4 of the Depths.
             The game lasted 04:28:05 (57940 turns).

esc the Black Belt (Octopode Transmuter)           Turns: 57940, Time: 04:28:05

Health: -6/253     AC: 14    Str: 27    XL:     26   Next: 78%
Magic:  8/30       EV:  2    Int: 48    God:    Cheibriados [******]
Gold:   4521       SH:  0    Dex: 29    Spells: 7 memorised, 15 levels left

rFire  + + .     SeeInvis +       - Unarmed
rCold  + + +     Clarity  +     B - +2 buckler {rC+}
rNeg   + + .     SustAt   +     X - +2 hat of Submission {rElec MP-9 Dex+3 SInv}
rPois  ∞         Gourm    .     n - amulet of regeneration {+regen, !d}
rElec  +         Spirit   .     Z - ring "Oqot" {+Blink +Inv rF+ rC+ Int-4}
rCorr  .         Warding  .     q - ring of protection from fire {rF+, !d}
rMut   .         Stasis   .     m - ring of Ulaid {Ice *Confuse rElec Int+4 SInv}
MR     +....                    R - ring of protection from magic {MR+, !d}
Stlth  +++++.....               Q - +4 ring of intelligence
                                K - +2 ring of protection
                                E - ring "Umid" {rF+ rN+ MR- Int+3}
                                a - ring of sustain attributes

@: paralysed, about to teleport, statue-form, corroded equipment, deflect
missiles, very slow, somewhat resistant to hostile enchantments, quite stealthy
A: almost no armour, amphibious, 8 rings, constrict 8, camouflage 1, clarity,
deterioration 1, (gelatinous body 0)
a: End Transformation, Bend Time, Temporal Distortion, Slouch, Step From Time,
Renounce Religion, Evoke Blink, Evoke Invisibility
}: 3/15 runes: decaying, serpentine, silver


You were on level 4 of the Depths.
You worshipped Cheibriados.
Cheibriados was exalted by your worship.
You were not hungry.
You were a stone statue.
You visited 9 branches of the dungeon, and saw 48 of its levels.
You visited the Abyss 2 times.
You visited 1 bazaar.
You also visited: Labyrinth and Wizlab.

You collected 8356 gold pieces.
You spent 3701 gold pieces at shops.

Inventory:

Hand weapons
 A - a cursed -3 blowgun
   (You took it off a kobold on level 11 of the Dungeon)
Missiles
 i - 5 throwing nets {=f, !d}
 l - 13 curare-tipped needles
 F - 151 poisoned needles
Armour
 B - a +2 buckler of cold resistance (worn)
   (You took it off a tengu reaver on level 5 of the Vaults)
 J - a +2 hat
   (You found it on level 9 of the Dungeon)
 X - the +2 hat of Submission (worn) {rElec MP-9 Dex+3 SInv}
   (You found it on level 3 of the Depths)

   It affects your dexterity (+3).
   It insulates you from electricity.
   It affects your magic capacity (-9).
   It lets you see invisible.
Jewellery
 a - a ring of sustain attributes (on tentacle)
   (You found it on level 12 of the Dungeon)
 g - an uncursed amulet of resist mutation {rMut, !d}
   (You found it on level 4 of the Depths)
 m - the ring of Ulaid (on tentacle) {Ice *Confuse rElec Int+4 SInv}
   (You found it on level 3 of the Snake Pit)

   [ring of ice]

   It enhances your ice magic, and weakens your fire magic.
   It affects your intelligence (+4).
   It makes you vulnerable to fire.
   It protects you from cold.
   It insulates you from electricity.
   It lets you see invisible.
   It may confuse you when you take damage.
 n - an amulet of regeneration (around mantle) {+regen, !d}
   (You took it off a gnoll on level 2 of the Dungeon)
 q - a ring of protection from fire (right tentacle) {rF+, !d}
   (You found it on level 3 of the Dungeon)
 E - the ring "Umid" (on tentacle) {rF+ rN+ MR- Int+3}
   (You found it on level 3 of the Crypt)

   [ring of positive energy]

   It affects your intelligence (+3).
   It protects you from fire.
   It protects you from negative energy.
   It affects your resistance to hostile enchantments.
 K - a +2 ring of protection (on tentacle)
   (You bought it in a shop in a bazaar)
 Q - a +4 ring of intelligence (on tentacle)
   (You bought it in a shop in a bazaar)
 R - a ring of protection from magic (on tentacle) {MR+, !d}
   (You took it off a tengu reaver on level 5 of the Vaults)
 Z - the ring "Oqot" (left tentacle) {+Blink +Inv rF+ rC+ Int-4}
   (You acquired it on level 1 of the Vaults)

   [ring of invisibility]

   It affects your intelligence (-4).
   It protects you from fire.
   It protects you from cold.
   It lets you turn invisible.
   It lets you blink.
Magical devices
 b - a wand of heal wounds (5)
   (You found it on level 2 of the Swamp)
 I - a wand of teleportation (6)
   (You took it off Saint Roka on level 3 of the Vaults)
 N - a wand of draining (4)
   (You took it off a vault sentinel on level 2 of the Vaults)
 S - a wand of invisibility (2)
   (You found it on level 3 of the Vaults)
 U - a wand of fireball (8)
   (You found it on level 1 of the Swamp)
Scrolls
 d - 4 scrolls of fear
 k - 20 scrolls of identify
 o - 2 scrolls of summoning
 s - 2 scrolls of blinking {!r}
 t - 3 scrolls of teleportation
 v - 7 scrolls of fog
 y - 20 scrolls of remove curse
 C - 3 scrolls of silence
 M - 9 scrolls of magic mapping {!r}
 O - a scroll of holy word {!r}
 T - 5 scrolls of amnesia
Potions
 e - 15 potions of curing
 f - 9 potions of magic
 h - 4 potions of brilliance
 p - a potion of cure mutation {!q}
 r - 3 potions of agility
 u - 8 potions of heal wounds
 w - 4 potions of might
Miscellaneous
 x - a phial of floods
   (You found it on level 1 of the Crypt)
 z - a crystal ball of energy
   (You found it on level 4 of the Vaults)
 D - a phantom mirror
 G - a fan of gales
   (You found it on level 2 of the Vaults)
 P - a stone of tremors
   (You found it in a labyrinth)
 V - a box of beasts
   (You found it on level 5 of the Vaults)
 W - a legendary deck of wonders {the Helix}
   (You found it on level 5 of the Vaults)
 Y - a lamp of fire
   (You found it on level 8 of the Lair of Beasts)
Comestibles
 c - 23 bread rations {@e1}
 j - 18 meat rations {@e2}
 H - 4 chunks of flesh {@w0}


   Skills:
 + Level 19.8 Fighting
 + Level 20.1 Dodging
 - Level 7.0 Stealth
 - Level 6.1 Shields
 + Level 20.3 Unarmed Combat
 - Level 12.2 Spellcasting
 - Level 6.7 Conjurations
 - Level 10.2 Charms
 - Level 15.4 Transmutations
 - Level 7.4 Ice Magic
 - Level 11.3 Air Magic
 - Level 8.2 Earth Magic
 - Level 12.2 Invocations
 - Level 5.2 Evocations


You had 15 spell levels left.
You knew the following spells:

 Your Spells              Type           Power        Failure   Level  Hunger
a - Statue Form           Trmt/Erth      #######..    1%          6    None
b - Ice Form              Ice/Trmt       ########     1%          4    None
c - Spider Form           Trmt/Pois      #######...   1%          3    None
d - Deflect Missiles      Chrm/Air       #######...   1%          6    None
e - Freezing Cloud        Conj/Ice/Air   ########..   4%          6    None
s - Condensation Shield   Ice            ########..   1%          4    None
x - Blade Hands           Trmt           ########..   1%          5    None


Dungeon Overview and Level Annotations

Branches:
Dungeon (15/15)            Temple (0/1) D:6            Lair (8/8) D:8
  Swamp (4/4) Lair:6        Snake (4/4) Lair:5        Slime (0/6) Lair:6
    Orc (4/4) D:11            Elf (1/3) Orc:3        Vaults (5/5) D:14
  Crypt (3/3) Vaults:2       Tomb (0/3) Crypt:3      Depths (4/5) D:15

Altars:
Ashenzari
Cheibriados
Fedhas
Gozag
Okawaru
Trog
Vehumet
Xom
Yredelemnul
The Shining One
Beogh
Jiyva

Shops:
D:9 =[*   Orc:1 }   Orc:2 :   Orc:4 :(*[

Portals:
Hell: Depths:1 Depths:2 Depths:3 Depths:4
Abyss: Depths:4
Pandemonium: Depths:2 Depths:3
Ziggurat: Depths:3
Trove: Depths:1 (give 4 scrolls of blinking)

Annotations:
Lair:7 exclusion: oklob plant
Swamp:4 Lernaean hydra
Elf:1 exclusion: Frances, Frances


Innate Abilities, Weirdness & Mutations

You cannot wear most types of armour.
You are amphibious.
You can wear up to eight rings at the same time.
You can use your tentacles to constrict eight enemies at once.
Your skin changes colour to match your surroundings (Stealth).
((Your rubbery body absorbs attacks (AC +1).))
You possess an exceptional clarity of mind.
Your body sometimes deteriorates upon taking damage.


Message History

The blizzard demon waves its arms in wide circles.
The air twists around and strikes you!
The lich is engulfed in freezing vapours.
You take 10 damage, and have 129/253 hp.
You thrash the deep elf death mage!!!!
You kill the deep elf death mage!
Cheibriados appreciates the change of pace.
The deep elf demonologist casts a spell.
The great orb of eyes completely misses you.
The white very ugly thing misses you.
The green very ugly thing barely misses you.
The blizzard demon gestures at you.
The bolt of cold hits the white very ugly thing.
The white very ugly thing resists.
The bolt of cold misses you.
The lich is engulfed in freezing vapours.
The lich completely misses you.
You block the great orb of eyes's attack.
You tentacle-slap the lich but do no damage.
You grab the lich. You tentacle-slap the lich!! You constrict the lich.
The green very ugly thing closely misses you.
The white very ugly thing completely misses you.
The blizzard demon waves its arms in wide circles.
The air twists around and strikes you!
The lich is engulfed in freezing vapours.
The lich touches you.
The hellion is engulfed in freezing vapours.
You take 14 damage, and have 116/253 hp.
You thrash the lich!!!!
You destroy the lich!
Cheibriados thoroughly appreciates the change of pace.
The soul eater disappears in a puff of smoke!
The great orb of eyes completely misses you.
You block the white very ugly thing's attack.
The green very ugly thing stings you!
The hellion is engulfed in freezing vapours.
You take 8 damage, and have 108/253 hp.
You tentacle-slap the hellion. You grab the hellion.
You tentacle-slap the hellion.
You kill the hellion!
The deep elf demonologist gestures wildly while chanting.
The great orb of eyes bites you!
The green very ugly thing completely misses you.
The white very ugly thing tail-slaps you.
The white very ugly thing freezes you. You resist.
You take 15 damage, and have 93/253 hp.
Read which item? (? for menu, Esc to quit)
As you read the scroll of teleportation, it crumbles to dust.
You feel strangely unstable.
The chaos spawn degenerates into a cloud of primal chaos!
The sixfirhy is engulfed in freezing vapours. x2
You block the sixfirhy's attack.
The sixfirhy is engulfed in freezing vapours.
The sixfirhy completely misses you.
The sixfirhy is engulfed in freezing vapours.
The sixfirhy completely misses you.
The sixfirhy is engulfed in freezing vapours.
The sixfirhy completely misses you.
The great orb of eyes completely misses you.
You block the green very ugly thing's attack.
The white very ugly thing closely misses you.
The green death gestures at you.
The bolt of poison hits the great orb of eyes.
The bolt of poison misses you.
The red devil is engulfed in freezing vapours.
The sixfirhy is engulfed in freezing vapours.
The sixfirhy misses you. The great orb of eyes gazes at you.
You suddenly lose the ability to move!
The white very ugly thing tail-slaps you!
The white very ugly thing freezes you! You resist.
* * * LOW HITPOINT WARNING * * *
The green very ugly thing stings you!
* * * LOW HITPOINT WARNING * * *
The sixfirhy is engulfed in freezing vapours.
The sixfirhy hits you but does no damage.
The sixfirhy is engulfed in freezing vapours.
The sixfirhy hits you but does no damage.
The sixfirhy is engulfed in freezing vapours.
The sixfirhy barely misses you. The green death gestures at you.
The bolt of poison hits the great orb of eyes.
The bolt of poison misses you.
The blizzard demon is engulfed in seething chaos.
The red devil is engulfed in freezing vapours.
The sixfirhy is engulfed in freezing vapours.
The great orb of eyes gazes at you.
You are blasted!
* * * LOW HITPOINT WARNING * * *
The green very ugly thing stings you!
* * * LOW HITPOINT WARNING * * *
The white very ugly thing completely misses you.
The sixfirhy is engulfed in freezing vapours. x4
You kill the sixfirhy!
The blizzard demon is engulfed in seething chaos.
The red devil is engulfed in freezing vapours.
You kill the red devil!
The great orb of eyes bites you!
* * * LOW HITPOINT WARNING * * *
The green very ugly thing stings you!
You die...

..# ..#
............... ..#
...$........... ..#
..............§ ..#
§§.†§§§.... ..#
...§§§42. ..#########
#.§§§e# ..##[....≈#
#)u§2# ..###.....#
##u8G## ≈.###.....#
#§(...# ≈..).[....#
##...## ≈.≈≈≈.....#
##.##
≈..≈≈....≈######.###
≈≈.≈≈....≈..≈≈.....##
....................#
≈..≈......≈......≈..#
≈.≈.......≈......≈..#


You could see 2 very ugly things, a green death, a great orb of eyes, a blizzard
demon, a deep elf demonologist and a sixfirhy.

Vanquished Creatures
  An ancient lich (WizLab)
  Mara (Crypt:3)
  Mennas (Vaults:4)
  The ghost of Alipheese the Evocator, a great NaBe of the Shining One (Crypt:3)
  Frederick (Vaults:4)
  Norris (Abyss:1)
  Saint Roka (Vaults:3)
  Vashnia (Snake:3)
  A caustic shrike (Depths:4)
  Jory (Vaults:2)
  A profane servitor (Crypt:3)
  Xtahua (Vaults:4)
  3 bone dragons
  Jorgrun (Swamp:2)
  2 tentacled monstrosities
  Rupert (Lair:3)
  A hellephant (Abyss:1)
  A quicksilver dragon (Vaults:5)
  3 titans (Vaults:5)
  A deep elf blademaster (Depths:3)
  2 liches
  Gastronok (Lair:2)
  4 tentacled starspawn (Abyss:1)
  A thorn hunter (Swamp:3)
  3 shadow dragons (Vaults:5)
  3 storm dragons
  A sphinx (Vaults:5)
  Kirke (Elf:1)
  2 revenants
  4 tengu reavers (Vaults:5)
  Wiglaf (Snake:3)
  3 deep elf sorcerers
  An azure jelly (shapeshifter) (Vaults:2)
  8 greater nagas
  14 vault wardens
  A cacodemon (Abyss:1)
  2 iron dragons
  4 fire giants
  Aizul (Snake:3)
  9 frost giants
  6 orc warlords
  5 curse skulls
  26 ghouls
  14 ironheart preservers
  An ophan (Abyss:1)
  3 vampire knights
  20 very ugly things
  A war gargoyle (Vaults:3)
  A deep elf demonologist (Elf:1)
  2 salamander stormcallers
  29 stone giants
  Azrael (Snake:3)
  2 deep elf annihilators
  An ettin (shapeshifter) (Vaults:5)
  A crystal guardian (Vaults:4)
  12 eidola
  12 ogre magi
  2 merfolk javelineers
  3 mummy priests
  8 fire dragons
  6 jiangshi
  34 vault guards
  A quicksilver dragon zombie (Crypt:3)
  18 yaktaur captains
  A merfolk impaler (Depths:1)
  5 deep elf death magi
  15 ettins
  A deep elf high priest (Vaults:5)
  5 rakshasas
  A minotaur (Lab)
  12 great orbs of eyes
  Harold (Lair:3)
  10 ice dragons
  4 entropy weavers
  An ice dragon (shapeshifter) (Vaults:5)
  16 naga warriors
  3 spriggan air magi
  4 ghost crabs
  18 centaur warriors
  22 hydras
  Erolcha (Orc:3)
  5 death knights
  10 anacondas
  An anaconda (shapeshifter) (Vaults:1)
  4 death yaks
  4 tengu warriors
  A queen ant (Lair:2)
  5 deep troll earth magi
  7 vampire magi
  3 thrashing horrors (Abyss:1)
  8 orc high priests
  4 spriggan berserkers
  3 hell hogs (Abyss:1)
  Urug (D:11)
  5 alligators
  23 naga sharpshooters
  11 shock serpents
  Sonja (Lair:3)
  A titan skeleton (Crypt:2)
  7 deep troll shamans
  2 soul eaters
  3 salamander mystics
  A wretched star (Abyss:1)
  6 spriggans
  5 deep elf knights
  A fire crab (Vaults:1)
  A shadow wraith (Vaults:5)
  40 skeletal warriors
  A golden dragon zombie (Crypt:2)
  4 wizards
  A ghost moth zombie (Crypt:3)
  A shadow demon (Abyss:1)
  16 swamp dragons
  7 flayed ghosts
  A spatial maelstrom (Abyss:1)
  24 phantasmal warriors
  4 unseen horrors
  17 naga ritualists
  20 deep trolls
  A deep troll (shapeshifter) (Vaults:4)
  5 hill giants
  7 giant orange brains
  A lindwurm (Lair:8)
  3 shambling mangroves (Swamp:3)
  6 deep elf summoners
  9 ironbrand convokers
  A golden dragon skeleton (Crypt:2)
  32 orc knights
  A tengu zombie (Vaults:5)
  A wolf spider zombie (D:15)
  Pikel (D:4)
  3 necromancers
  An iron dragon zombie (Depths:2)
  7 wolf spiders
  2 manticores
  11 mana vipers
  4 griffons
  48 ugly things
  13 salamanders
  6 hornets
  A tengu skeleton (Depths:2)
  2 deep elf conjurers
  A sixfirhy (Abyss:1)
  A stone giant zombie (WizLab)
  A sphinx skeleton (Crypt:1)
  5 orc sorcerers
  A cyclops (shapeshifter) (Depths:3)
  2 frost giant zombies
  2 fire giant zombies
  6 cyclopes
  A water nymph (shapeshifter) (Abyss:1)
  A rust devil (Depths:3)
  25 naga magi
  2 frost giant skeletons
  Maurice (D:8)
  2 eyes of devastation (Depths:3)
  A dire elephant zombie (Abyss:1)
  3 guardian serpents
  27 elephants
  2 spriggan zombies (WizLab)
  5 gargoyles
  A moth of wrath (shapeshifter) (Vaults:2)
  A torpor snail (shapeshifter) (Vaults:4)
  17 spiny frogs
  Psyche (D:8)
  43 black mambas
  A guardian serpent (shapeshifter) (Vaults:1)
  A purple draconian zombie (Crypt:2)
  An orange crystal statue (Vaults:3)
  A spiny frog (shapeshifter) (Depths:1)
  5 smoke demons (Abyss:1)
  An emperor scorpion zombie (Crypt:3)
  A hellion (Depths:3)
  11 large abominations (Abyss:1)
  16 vault sentinels
  9 fire drakes
  70 yaktaurs
  An efreet (Abyss:1)
  10 guardian mummies
  9 komodo dragons
  4 orange demons (Abyss:1)
  7 deep elf priests
  A komodo dragon (shapeshifter) (Vaults:3)
  5 tengu conjurers
  2 ancient zymes (Abyss:1)
  A blue devil (Abyss:1)
  A queen bee (Lair:1)
  A red devil (Depths:3)
  3 hydra zombies
  15 freezing wraiths
  6 jumping spiders
  3 spriggan druids
  An entropy weaver zombie (WizLab)
  10 polar bears
  A polar bear (shapeshifter) (Vaults:3)
  A wind drake (shapeshifter) (Abyss:1)
  47 slime creatures
  15 two-headed ogres
  3 hellwings
  A two-headed ogre (shapeshifter) (D:13)
  6 giant leeches
  2 ettin zombies
  An ushabti (Crypt:3)
  4 boulder beetles
  A blink frog (shapeshifter) (Vaults:5)
  A raiju (Lair:8)
  13 trolls
  A deep troll zombie (WizLab)
  A fire dragon zombie (Abyss:1)
  20 redbacks
  13 bog bodies
  5 flying skulls (Crypt:1)
  A centaur simulacrum (D:14)
  10 blink frogs
  A redback (shapeshifter) (Vaults:5)
  2 vampires (Crypt:2)
  6 shadows
  A tarantella (Vaults:2)
  A ynoxinul (Abyss:1)
  48 yaks
  2 trapdoor spiders
  3 wyverns
  A tarantella (shapeshifter) (Vaults:5)
  6 air elementals
  A black mamba zombie (Crypt:3)
  6 deep elf magi
  2 steam dragons (Lair:8)
  9 water elementals
  Eustachio (D:5)
  2 fire elementals
  A hog (Elf:1)
  17 deep elf fighters
  12 hippogriffs
  3 basilisks
  45 vampire mosquitoes
  4 mottled dragons
  35 wolves
  5 hungry ghosts
  9 wraiths
  2 chaos spawn (Abyss:1)
  2 human simulacra
  A spatial vortex (Abyss:1)
  10 wargs
  67 nagas
  26 swamp worms
  An infernal demonspawn zombie (WizLab)
  8 insubstantial wisps (Swamp:1)
  A mottled dragon (shapeshifter) (Vaults:5)
  An orb spider zombie (Crypt:1)
  12 water moccasins
  A wasp (shapeshifter) (Vaults:5)
  A merfolk zombie (Crypt:3)
  11 hell hounds
  A hornet simulacrum (D:15)
  23 necrophages
  6 porcupines
  2 spiders
  2 slaves (D:4)
  A merfolk skeleton (Crypt:2)
  4 eyes of draining
  A manticore zombie (Crypt:3)
  11 soldier ants
  6 wasps
  15 black bears
  3 eyes of draining (shapeshifter)
  15 swamp drakes
  55 orc warriors
  20 centaurs
  4 ice beasts
  6 sky beasts
  9 phantoms
  11 boggarts
  57 ogres
  21 crocodiles
  Blork the orc (D:6)
  3 big kobolds
  24 giant frogs
  A dryad skeleton (Crypt:1)
  An earth elemental (D:13)
  11 wyvern skeletons (Crypt:3)
  A water moccasin skeleton (Crypt:1)
  6 small abominations (Abyss:1)
  A troll zombie (D:11)
  56 killer bees
  6 scorpions
  A raiju skeleton (Crypt:1)
  A yak zombie (Crypt:1)
  12 wights
  3 quasits
  11 electric eels
  5 crimson imps
  2 iron imps (Abyss:1)
  51 orc wizards
  29 starcursed masses (Abyss:1)
  4 centaur zombies
  2 demonspawn zombies
  17 hounds
  A jelly (D:7)
  45 orc priests
  A wasp zombie (D:11)
  4 centaur skeletons
  3 giant frog skeletons
  Jessica (D:2)
  3 giant frog zombies
  An iguana (shapeshifter) (Depths:3)
  15 iguanas
  Natasha (thrice) (D:4 D:7)
  38 worker ants
  A killer bee zombie (D:9)
  42 sheep
  8 ogre zombies
  A naga zombie (Crypt:3)
  A hound zombie (D:5)
  2 hound skeletons
  4 mummies (Crypt:2)
  5 gnolls
  49 river rats
  5 shadow imps
  3 white imps (Abyss:1)
  18 adders
  An ufetubus (Abyss:1)
  2 oozes
  3 adder skeletons
  An adder zombie (D:9)
  A halfling skeleton (Crypt:1)
  A sheep skeleton (Crypt:1)
  2 worms
  9 giant geckos
  254 orcs
  18 bats
  11 giant cockroaches
  13 hobgoblins
  28 jackals
  19 kobolds
  11 quokkas
  A ball python (D:3)
  2 giant gecko skeletons
  7 giant newts
  8 goblins
  A goblin skeleton (Crypt:1)
  4 goblin zombies (D:11)
  A hobgoblin skeleton (D:11)
  5 hobgoblin zombies (D:11)
  3 orc skeletons (D:11)
  10 orc zombies (D:11)
  A quokka skeleton (Crypt:2)
  24 rats
  4 crawling corpses
  A fire vortex (Vaults:3)
  A lost soul (Crypt:2)
  3 plants (Lair:8)
  5 starspawn tentacles (Abyss:1)
2939 creatures vanquished.

Vanquished Creatures (collateral kills)
  A deep elf priest (Vaults:4)
  2 ogres (Vaults:3)
  An orc (Vaults:3)
4 creatures vanquished.

Vanquished Creatures (others)
  A golden dragon (Vaults:5)
  A vault warden (Vaults:5)
  A hydra (Swamp:2)
  An ogre mage (Vaults:1)
  A deep troll earth mage (Vaults:3)
  A shadow wraith (Vaults:5)
  A hill giant (D:10)
  2 swamp dragons (Swamp:4)
  A deep troll (Depths:3)
  A sixfirhy (Abyss:1)
  A giant leech (Swamp:2)
  A two-headed ogre (D:10)
  2 yaks (D:10)
  A spriggan (Swamp:1)
  A human (Elf:1)
  A naga (Snake:2)
  A wasp (Swamp:1)
  A swamp drake (Swamp:4)
  A sky beast (D:10)
  A scorpion (D:10)
  A killer bee (D:12)
  An orc wizard (D:10)
  An iguana (Lair:8)
  A worker ant (D:10)
  A small abomination (Abyss:1)
  An adder (D:10)
  An orc (D:9)
  2 orc zombies (D:11)
  63 fungi
  9 lost souls
  50 plants
  8 starspawn tentacles (Abyss:1)
  18 starspawn tentacle segments (Abyss:1)
179 creatures vanquished.

Grand Total: 3122 creatures vanquished

Notes
Turn   | Place    | Note
--------------------------------------------------------------
     0 | D:1      | esc the Octopode Transmuter began the quest for the Orb.
     0 | D:1      | Reached XP level 1. HP: 13/13 MP: 3/3
   146 | D:1      | Reached XP level 2. HP: 18/18 MP: 5/5
   426 | D:1      | HP: 4/18 [ooze (3)]
   452 | D:1      | Reached XP level 3. HP: 8/23 MP: 6/6
   463 | D:1      | HP: 3/23 [kobold/short sword (6)]
  1128 | D:2      | Found an opulent altar of Gozag.
  1165 | D:2      | HP: 6/24 [poisoned by an adder]
  1170 | D:2      | HP: 5/24 [poisoned by an adder]
  1176 | D:2      | HP: 3/24 [poisoned by an adder]
  1183 | D:2      | HP: 2/24 [poisoned by an adder]
  1679 | D:2      | Reached skill level 3 in Dodging
  1679 | D:2      | Reached XP level 4. HP: 29/29 MP: 7/7
  1982 | D:2      | Found a shattered altar of Ashenzari.
  1992 | D:2      | Reached skill level 2 in Fighting
  2294 | D:2      | Noticed Jessica
  2301 | D:2      | Killed Jessica
  2301 | D:2      | Reached XP level 5. HP: 34/34 MP: 6/8
  2343 | D:2      | Found a blossoming altar of Fedhas.
  2367 | D:2      | Found a snail-covered altar of Cheibriados.
  2530 | D:2      | Became a worshipper of Cheibriados the Contemplative
  3112 | D:3      | Reached skill level 3 in Transmutations
  3113 | D:3      | Acquired Cheibriados's first power
  3320 | D:2      | HP: 2/35 [gnoll/halberd (16)]
  3499 | D:3      | Reached XP level 6. HP: 41/41 MP: 10/10
  3509 | D:3      | Learned a level 3 spell: Spider Form
  3984 | D:3      | Reached skill level 3 in Fighting
  3984 | D:3      | Reached skill level 4 in Unarmed Combat
  3984 | D:3      | Reached skill level 3 in Spellcasting
  4156 | D:4      | Noticed Natasha
  4165 | D:4      | Killed Natasha
  4382 | D:4      | Reached XP level 7. HP: 37/46 MP: 11/11
  4611 | D:4      | Reached skill level 4 in Dodging
  4979 | D:5      | Entered Level 5 of the Dungeon
  5064 | D:5      | HP: 11/46 [orc/mace (9)]
  5069 | D:5      | HP: 5/46 [orc/mace (2)]
  5071 | D:5      | HP: 2/46 [centaur/arrow of frost (4)]
  5072 | D:5      | Reached skill level 4 in Transmutations
  5078 | D:5      | HP: 7/47 [giant gecko (4)]
  5079 | D:5      | HP: 2/47 [worker ant (6)]
  5192 | D:5      | Acquired Cheibriados's second power
  5306 | D:5      | Reached skill level 4 in Fighting
  5306 | D:5      | Reached XP level 8. HP: 52/54 MP: 9/13
  5509 | D:5      | Reached skill level 5 in Unarmed Combat
  5509 | D:5      | Reached skill level 4 in Spellcasting
  5787 | D:5      | Noticed Eustachio
  5832 | D:5      | Killed Eustachio
  5832 | D:5      | Reached skill level 5 in Dodging
  5832 | D:5      | Reached skill level 5 in Transmutations
  5897 | D:6      | Found a staircase to the Ecumenical Temple.
  6033 | D:6      | Reached skill level 5 in Fighting
  6033 | D:6      | Reached XP level 9. HP: 21/61 MP: 14/16
  6033 | D:6      | HP: 12/61 [orc/war axe (6)]
  6303 | D:6      | Reached skill level 6 in Unarmed Combat
  6343 | D:6      | Acquired Cheibriados's third power
  6343 | D:6      | Reached skill level 5 in Spellcasting
  6426 | D:6      | Noticed Blork the orc
  6438 | D:6      | Killed Blork the orc
  6532 | D:6      | Got a dazzling mace
  6533 | D:6      | Identified the +6 mace of Moderation {venom, Int+5 Stlth+} (You found it on level 6 of the Dungeon)
  6613 | D:6      | Found a bloodstained altar of Trog.
  6954 | D:7      | Reached skill level 6 in Dodging
  7085 | D:7      | Noticed Natasha
  7091 | D:7      | Killed Natasha
  7173 | D:7      | Reached skill level 6 in Transmutations
  7176 | D:7      | Acquired Cheibriados's fourth power
  7335 | D:7      | Reached skill level 1 in Stealth
  7337 | D:7      | Reached skill level 1 in Invocations
  7480 | D:7      | Reached skill level 1 in Evocations
  7486 | D:7      | Reached skill level 2 in Stealth
  7603 | D:7      | Noticed Natasha
  7608 | D:7      | Killed Natasha
  7822 | D:8      | Reached skill level 2 in Invocations
  7864 | D:8      | Reached skill level 3 in Stealth
  7864 | D:8      | Reached skill level 2 in Evocations
  7874 | D:8      | Reached skill level 3 in Invocations
  7874 | D:8      | Reached XP level 10. HP: 59/68 MP: 16/18
  7944 | D:8      | Noticed Psyche
  7969 | D:8      | Killed Psyche
  7969 | D:8      | Reached skill level 4 in Stealth
  7969 | D:8      | Reached skill level 3 in Evocations
  8257 | D:8      | Reached skill level 4 in Invocations
  8268 | D:8      | Reached skill level 5 in Stealth
  8340 | D:8      | Found a staircase to the Lair.
  8342 | D:8      | Reached skill level 11 in Transmutations
  8342 | D:8      | Reached XP level 11. HP: 72/72 MP: 19/19
  8349 | D:8      | Learned a level 5 spell: Blade Hands
  8354 | D:8      | Reached skill level 4 in Evocations
  8495 | D:8      | Noticed Maurice
  8513 | D:8      | Killed Maurice
  8971 | D:9      | Reached skill level 6 in Stealth
  9038 | D:9      | Found a glowing golden altar of the Shining One.
  9195 | D:9      | Found Daeseuk's Jewellery Shop.
  9198 | D:9      | Bought an uncursed ring of poison resistance for 300 gold pieces
  9286 | D:9      | Found Fiefulu's General Store.
  9298 | D:9      | Identified a scroll of acquirement
  9334 | D:9      | Reached skill level 5 in Invocations
  9373 | D:9      | Reached skill level 5 in Evocations
  9511 | D:9      | Found Woptuel's Armour Boutique.
  9613 | D:9      | Reached skill level 7 in Stealth
  9944 | D:9      | Learned a level 4 spell: Ice Form
 10217 | Lair:1   | Entered Level 1 of the Lair of Beasts
 10269 | Lair:1   | Reached skill level 6 in Fighting
 10525 | Lair:1   | Reached skill level 6 in Invocations
 10859 | Lair:1   | Reached skill level 7 in Unarmed Combat
 11076 | Lair:1   | Reached XP level 12. HP: 62/80 MP: 20/20
 11420 | Lair:2   | Noticed Gastronok
 11434 | Lair:2   | Killed Gastronok
 11434 | Lair:2   | Reached skill level 7 in Dodging
 11434 | Lair:2   | Reached skill level 7 in Invocations
 11491 | Lair:2   | Reached skill level 7 in Fighting
 11565 | Lair:2   | Noticed a queen ant
 11575 | Lair:2   | Killed a queen ant
 11615 | Lair:2   | Reached skill level 8 in Unarmed Combat
 11629 | Lair:2   | HP: 17/81 [soldier ant (7)]
 11636 | Lair:2   | HP: 20/81 [poisoned by a soldier ant]
 12244 | Lair:2   | Noticed a four-headed hydra
 12249 | Lair:2   | Killed a four-headed hydra
 12456 | Lair:2   | Reached skill level 8 in Dodging
 12521 | Lair:2   | Reached skill level 8 in Invocations
 12633 | Lair:3   | Noticed Rupert
 12649 | Lair:3   | Noticed Harold
 12658 | Lair:3   | Killed Harold
 12696 | Lair:3   | Found a labyrinth entrance.
 12705 | Lab      | Entered a labyrinth
 13595 | Lab      | Noticed a minotaur
 13600 | Lab      | Killed a minotaur
 13600 | Lab      | Reached skill level 8 in Fighting
 13772 | Lair:3   | Reached XP level 13. HP: 81/89 MP: 17/21
 13803 | Lair:3   | Noticed Sonja
 13865 | Lair:3   | Reached skill level 9 in Unarmed Combat
 13880 | Lair:3   | Killed Sonja
 14327 | Lair:3   | Reached skill level 9 in Invocations
 14367 | Lair:3   | Killed Rupert
 14367 | Lair:3   | Reached skill level 9 in Dodging
 14554 | Lair:4   | HP: 18/90 [elephant (12)]
 14556 | Lair:4   | Reached skill level 9 in Fighting
 14975 | Lair:4   | Reached skill level 10 in Unarmed Combat
 15480 | Lair:5   | You fall through a shaft!
 15480 | Lair:6   | Found a viscous altar of Jiyva.
 15480 | Lair:6   | Found a staircase to the Slime Pits.
 15618 | Lair:6   | Found a staircase to the Swamp.
 15627 | Lair:6   | Reached skill level 12 in Transmutations
 15747 | Lair:6   | Reached skill level 10 in Invocations
 15868 | Lair:6   | Reached XP level 14. HP: 98/98 MP: 16/22
 16196 | Lair:6   | Reached skill level 10 in Dodging
 16855 | Lair:7   | Reached skill level 10 in Fighting
 16876 | Lair:7   | HP: 14/99 [elephant (14)]
 17411 | Lair:7   | Found an iron altar of Okawaru.
 17862 | Lair:8   | Entered Level 8 of the Lair of Beasts
 18352 | Lair:8   | Reached skill level 11 in Unarmed Combat
 18394 | Lair:8   | Reached skill level 11 in Invocations
 18901 | Lair:8   | Reached XP level 15. HP: 92/105 MP: 21/23
 18923 | Lair:8   | Reached skill level 11 in Dodging
 19014 | Lair:8   | Reached skill level 13 in Transmutations
 19676 | Lair:5   | Found a staircase to the Snake Pit.
 20227 | D:10     | Entered Level 10 of the Dungeon
 20429 | D:10     | Found a shimmering altar of Xom.
 20746 | D:10     | Reached skill level 11 in Fighting
 21106 | D:4      | Noticed Pikel
 21109 | D:4      | Drew Focus: Int increased to 22, Str decreased to 10
 21113 | D:4      | Killed Pikel
 21452 | D:11     | Found a staircase to the Orcish Mines.
 22705 | D:11     | Noticed Urug
 22713 | D:11     | Killed Urug
 22802 | Orc:1    | Entered Level 1 of the Orcish Mines
 22972 | Orc:2    | Reached skill level 12 in Invocations
 23208 | Orc:2    | Found a roughly hewn altar of Beogh.
 23282 | Orc:2    | Found Idghonnech's Book Shop.
 23760 | Orc:3    | Found a bloodstained altar of Trog.
 23950 | Orc:3    | Noticed Erolcha
 23959 | Orc:3    | Killed Erolcha
 23959 | Orc:3    | Reached skill level 12 in Unarmed Combat
 24000 | Orc:3    | Found a staircase to the Elven Halls.
 24199 | Orc:3    | Found a bloodstained altar of Trog.
 24465 | Orc:4    | Entered Level 4 of the Orcish Mines
 24991 | Orc:4    | Found Plog's General Store.
 24992 | Orc:4    | Found Buattuoss's Book Shop.
 24993 | Orc:4    | Found Icugeic's Antique Armour Boutique.
 24993 | Orc:4    | Found Momeriq's Antique Weapon Boutique.
 25007 | Orc:4    | Bought a potion of curing for 48 gold pieces
 25007 | Orc:4    | Bought a potion of agility for 64 gold pieces
 25008 | Orc:4    | Bought a book of the Earth for 975 gold pieces
 25015 | Orc:4    | Learned a level 6 spell: Statue Form
 25025 | Orc:4    | Reached XP level 16. HP: 113/113 MP: 25/25
 25292 | Orc:3    | Reached skill level 1 in Earth Magic
 25333 | Elf:1    | Entered Level 1 of the Elven Halls
 25513 | Elf:1    | Reached skill level 2 in Earth Magic
 25572 | Elf:1    | Reached skill level 3 in Earth Magic
 25575 | Elf:1    | Reached skill level 14 in Transmutations
 25834 | Elf:1    | Noticed Kirke
 25841 | Elf:1    | Killed Kirke
 26007 | Elf:1    | Noticed Frances
 26022 | Elf:1    | Reached skill level 4 in Earth Magic
 26195 | Orc:1    | Found Qas Dim's Quality Used Wands.
 26771 | D:12     | Reached skill level 5 in Earth Magic
 27588 | D:13     | Reached skill level 6 in Earth Magic
 27708 | D:13     | Found a large runed door.
 27708 | D:13     | Found a large runed door.
 27870 | D:13     | Gained mutation: You possess an exceptional clarity of mind. [potion of beneficial mutation]
 28492 | Snake:1  | Entered Level 1 of the Snake Pit
 28499 | Snake:1  | Found a snail-covered altar of Cheibriados.
 28817 | Snake:1  | HP: 28/113 [poisoned by a black mamba]
 28822 | Snake:1  | HP: 28/113 [poisoned by a black mamba]
 29278 | Snake:1  | Reached skill level 15 in Transmutations
 29280 | Snake:1  | Reached skill level 7 in Earth Magic
 29709 | Snake:2  | Reached skill level 8 in Earth Magic
 29720 | Snake:2  | Reached XP level 17. HP: 117/117 MP: 26/26
 30042 | Snake:2  | Reached skill level 12 in Dodging
 30406 | Snake:2  | Reached skill level 12 in Fighting
 30891 | Snake:2  | Reached skill level 13 in Unarmed Combat
 31267 | Snake:3  | Noticed Azrael
 31288 | Snake:3  | Killed Azrael
 31335 | Snake:3  | Noticed Wiglaf
 31343 | Snake:3  | Killed Wiglaf
 31356 | Snake:3  | Noticed Vashnia
 31630 | Snake:3  | Noticed Aizul
 31636 | Snake:3  | Killed Aizul
 31636 | Snake:3  | Reached skill level 13 in Dodging
 31782 | Snake:3  | HP: 36/157 [Vashnia/bolt (34)]
 31783 | Snake:3  | Killed Vashnia
 31977 | Snake:3  | Got a glittering steel ring
 31979 | Snake:3  | Identified the ring of Ulaid {Ice *Confuse rElec Int+4 SInv} (You found it on level 3 of the Snake Pit)
 32260 | Snake:3  | Reached skill level 13 in Fighting
 32363 | Snake:3  | Reached XP level 18. HP: 128/128 MP: 27/27
 32739 | Orc:2    | Bought a book of Enchantments for 750 gold pieces
 32746 | Orc:2    | Learned a level 6 spell: Deflect Missiles
 33356 | Snake:4  | Entered Level 4 of the Snake Pit
 33360 | Snake:4  | Reached skill level 1 in Air Magic
 33362 | Snake:4  | Reached skill level 1 in Charms
 33366 | Snake:4  | Reached skill level 2 in Air Magic
 33448 | Snake:4  | Reached skill level 2 in Charms
 33720 | Snake:4  | Reached skill level 3 in Charms
 33720 | Snake:4  | Reached skill level 3 in Air Magic
 33772 | Snake:4  | Reached skill level 4 in Charms
 33841 | Snake:4  | Reached skill level 4 in Air Magic
 33877 | Snake:4  | Reached skill level 5 in Charms
 33884 | Snake:4  | Reached skill level 5 in Air Magic
 33996 | Snake:4  | Reached skill level 6 in Charms
 34049 | Snake:4  | Reached skill level 6 in Air Magic
 34169 | Snake:4  | Reached skill level 7 in Charms
 34287 | Snake:4  | Got a serpentine rune of Zot
 34409 | Snake:4  | Reached skill level 7 in Air Magic
 34568 | Snake:2  | Reached skill level 6 in Spellcasting
 34640 | Swamp:1  | Entered Level 1 of the Swamp
 35340 | Swamp:2  | Reached XP level 19. HP: 134/134 MP: 28/28
 35348 | Swamp:2  | Reached skill level 8 in Charms
 35425 | Swamp:2  | Reached skill level 8 in Air Magic
 35593 | Swamp:2  | Noticed Jorgrun
 35602 | Swamp:2  | Killed Jorgrun
 35695 | Swamp:2  | Found an opulent altar of Gozag.
 35750 | Swamp:2  | Reached skill level 7 in Spellcasting
 36267 | Swamp:3  | Reached skill level 9 in Charms
 36366 | Swamp:3  | Reached skill level 9 in Air Magic
 36644 | Swamp:3  | Got a transparent golden ring
 36646 | Swamp:3  | Identified the ring "Imargh" {rElec rC+ Dex+4 Stlth-} (You found it on level 3 of the Swamp)
 36795 | Swamp:4  | Entered Level 4 of the Swamp
 37218 | Swamp:4  | Noticed the 27-headed Lernaean hydra
 37225 | Swamp:4  | HP: 43/174 [the 27-headed Lernaean hydra (1)]
 37225 | Swamp:4  | HP: 17/174 [eight-headed hydra (7)]
 37269 | Swamp:4  | Reached skill level 1 in Ice Magic
 37281 | Swamp:4  | HP: 39/174 [the 27-headed Lernaean hydra (6)]
 37486 | Swamp:4  | Got a decaying rune of Zot
 38357 | D:14     | Reached skill level 2 in Ice Magic
 38517 | D:14     | Found a shimmering altar of Xom.
 38599 | D:14     | Reached skill level 14 in Unarmed Combat
 38628 | D:14     | Reached skill level 8 in Spellcasting
 39047 | D:14     | Reached skill level 10 in Charms
 39153 | D:14     | Found a gate to the Vaults.
 39332 | D:15     | Entered Level 15 of the Dungeon
 39441 | D:15     | Reached XP level 20. HP: 140/140 MP: 32/32
 39665 | D:15     | Found a staircase to the Depths.
 40292 | D:15     | Reached skill level 14 in Dodging
 40620 | Vaults:1 | Entered Level 1 of the Vaults
 41325 | Vaults:1 | Reached skill level 14 in Fighting
 41591 | Vaults:1 | Got a faintly glowing bronze ring
 41593 | Vaults:1 | Identified the ring "Oqot" {+Blink +Inv rF+ rC+ Int-4} (You acquired it on level 1 of the Vaults)
 42009 | Vaults:1 | Noticed Norris
 42010 | Vaults:1 | Banished Norris
 42010 | Vaults:1 | Reached skill level 15 in Unarmed Combat
 42286 | Vaults:2 | Found a staircase to the Crypt.
 42294 | Vaults:2 | Reached skill level 15 in Dodging
 42438 | Vaults:2 | Noticed Jory
 42448 | Vaults:2 | Killed Jory
 42636 | Vaults:2 | Reached XP level 21. HP: 149/149 MP: 33/33
 43224 | Vaults:2 | Reached skill level 15 in Fighting
 44022 | Vaults:3 | Reached skill level 16 in Unarmed Combat
 44334 | Vaults:3 | Found a gateway to a bazaar.
 44373 | Bazaar   | Entered a bazaar
 44400 | Bazaar   | Found Receuhosma's Magic Scroll Emporium.
 44400 | Bazaar   | Found Hekumyh's Jewellery Shoppe.
 44428 | Bazaar   | Found Miwoluik's Antique Weapon Shoppe.
 44527 | Bazaar   | Bought a scroll of identify for 30 gold pieces
 44527 | Bazaar   | Bought a scroll of identify for 30 gold pieces
 44527 | Bazaar   | Bought a scroll of identify for 30 gold pieces
 44527 | Bazaar   | Bought a scroll of summoning for 142 gold pieces
 44527 | Bazaar   | Bought a scroll of magic mapping for 52 gold pieces
 44527 | Bazaar   | Bought a scroll of magic mapping for 52 gold pieces
 44527 | Bazaar   | Bought a scroll of identify for 30 gold pieces
 44527 | Bazaar   | Bought a scroll of enchant weapon for 112 gold pieces
 44585 | Bazaar   | Bought the ring of Descent {+/*Tele rPois rF+ rN+ MR- Stlth+} for 462 gold pieces
 44585 | Bazaar   | Bought a +2 ring of protection for 120 gold pieces
 44585 | Bazaar   | Bought an uncursed ring of see invisible for 180 gold pieces
 44585 | Bazaar   | Bought a +4 ring of intelligence for 324 gold pieces
 44652 | Vaults:3 | Reached skill level 16 in Dodging
 44764 | Vaults:3 | Noticed Saint Roka
 44772 | Vaults:3 | Killed Saint Roka
 45167 | Vaults:4 | Reached skill level 16 in Fighting
 45171 | Vaults:4 | Reached XP level 22. HP: 160/160 MP: 34/34
 45203 | Vaults:4 | Noticed Xtahua
 45207 | Vaults:4 | Killed Xtahua
 45218 | Vaults:4 | Found a radiant altar of Vehumet.
 45370 | Vaults:4 | Noticed Frederick
 45379 | Vaults:4 | Killed Frederick
 45411 | Vaults:4 | Noticed Mennas
 45429 | Vaults:4 | Killed Mennas
 45633 | Vaults:4 | Reached skill level 17 in Unarmed Combat
 45722 | Vaults:4 | Cast into the Abyss (an ogre mage)
 45832 | Abyss:1  | Paralysed by Norris for 7 turns
 45844 | Abyss:1  | Killed Norris
 45903 | Vaults:4 | Escaped the Abyss
 46295 | Vaults:5 | Entered Level 5 of the Vaults
 46311 | Vaults:4 | Reached skill level 17 in Dodging
 46668 | Vaults:5 | Reached skill level 17 in Fighting
 46671 | Vaults:5 | Cast into the Abyss (a deep elf sorcerer)
 46787 | Abyss:1  | Paralysed by accursed screaming for 2 turns
 46832 | Abyss:1  | Paralysed by accursed screaming for 1 turns
 46855 | Abyss:1  | Identified Zocutiyff's Almanac of the Albatross
 47003 | Abyss:1  | Reached XP level 23. HP: 169/169 MP: 35/35
 47100 | Abyss:1  | Gained mutation: Your body sometimes deteriorates upon taking damage. [a cacodemon]
 47405 | Abyss:1  | Reached skill level 18 in Unarmed Combat
 47569 | Vaults:5 | Escaped the Abyss
 47847 | Vaults:5 | Got an ebony spear {freeze}
 47878 | Vaults:5 | Reached skill level 18 in Dodging
 48206 | Vaults:5 | Reached skill level 18 in Fighting
 48319 | Vaults:5 | Got a silver rune of Zot
 48333 | Vaults:5 | Identified Sif Muna's Volume of Flying Conjuration
 48350 | Vaults:5 | Got an ancient shortbow
 48354 | Vaults:5 | Identified the Collected Works on Enchantment
 48803 | Vaults:5 | Reached XP level 24. HP: 147/179 MP: 35/35
 48904 | Vaults:5 | Got a transparent sapphire amulet
 48906 | Vaults:5 | Identified the amulet "Fyezxar" {Gourm -Tele rPois Str+6} (You acquired it on level 5 of the Vaults)
 49505 | Vaults:3 | Reached skill level 1 in Shields
 49601 | Vaults:2 | Reached skill level 2 in Shields
 49623 | Crypt:1  | Entered Level 1 of the Crypt
 49732 | Crypt:1  | Reached skill level 3 in Shields
 49764 | Crypt:1  | Reached skill level 4 in Shields
 49950 | Crypt:1  | Reached skill level 5 in Shields
 50043 | Crypt:1  | Reached skill level 6 in Shields
 50499 | Crypt:2  | Reached skill level 19 in Unarmed Combat
 50593 | Crypt:2  | Found a magical portal.
 50620 | WizLab   | Entered Doroklohe's Tomb
 50725 | WizLab   | Noticed an ancient lich
 50731 | WizLab   | Killed an ancient lich
 50731 | WizLab   | Reached skill level 9 in Spellcasting
 51191 | Crypt:2  | HP: 36/179 [flayed ghost/flay_damage (19)]
 51284 | Crypt:2  | Reached skill level 19 in Dodging
 52073 | Crypt:3  | Entered Level 3 of the Crypt
 52097 | Crypt:3  | Noticed Mara
 52103 | Crypt:3  | Noticed esc's illusion
 52106 | Crypt:3  | Killed Mara
 52118 | Crypt:3  | Killed Mara
 52201 | Crypt:3  | Found a basalt altar of Yredelemnul.
 52526 | Crypt:3  | Reached skill level 19 in Fighting
 52656 | Crypt:3  | Reached XP level 25. HP: 186/186 MP: 36/36
 52767 | Crypt:3  | Reached skill level 10 in Spellcasting
 52815 | Crypt:3  | Found a staircase to the Tomb.
 53018 | Crypt:3  | Noticed Alipheese's ghost (great NaBe)
 53024 | Crypt:3  | Killed Alipheese's ghost
 53074 | Crypt:3  | Got a fine short sword
 53180 | Crypt:3  | Identified the Compendium of Necromancy
 53189 | Crypt:3  | Got a wavering ivory ring
 53192 | Crypt:3  | Identified the ring "Umid" {rF+ rN+ MR- Int+3} (You found it on level 3 of the Crypt)
 53300 | Crypt:3  | Got an ancient granite ring
 53301 | Crypt:3  | Identified the ring of Elyvilon's Vengeance {rN+ MP+9 Dex+4} (You found it on level 3 of the Crypt)
 54193 | Depths:1 | Entered Level 1 of the Depths
 54361 | Depths:1 | Learned a level 6 spell: Freezing Cloud
 54397 | Depths:1 | Found a gateway to Hell.
 54416 | Depths:1 | Found a portal to a secret trove of treasure.
 54461 | Depths:1 | Reached skill level 3 in Ice Magic
 54462 | Depths:1 | Reached skill level 1 in Conjurations
 54594 | Depths:1 | Reached skill level 2 in Conjurations
 54596 | Depths:1 | Reached skill level 11 in Spellcasting
 54621 | Depths:1 | Identified the Collected Works on the Frostbite
 54627 | Depths:1 | Learned a level 4 spell: Condensation Shield
 54822 | Depths:1 | Reached skill level 4 in Ice Magic
 54848 | Depths:1 | Reached skill level 3 in Conjurations
 55097 | Depths:1 | Reached skill level 10 in Air Magic
 55229 | Depths:2 | Found a one-way gate leading to the halls of Pandemonium.
 55327 | Depths:2 | Reached skill level 4 in Conjurations
 55328 | Depths:2 | Reached skill level 5 in Ice Magic
 55768 | Depths:2 | Reached XP level 26. HP: 194/194 MP: 38/38
 55850 | Depths:2 | Reached skill level 5 in Conjurations
 56003 | Depths:2 | Reached skill level 6 in Ice Magic
 56193 | Depths:3 | Found a gateway to a ziggurat.
 56495 | Depths:3 | Reached skill level 11 in Air Magic
 56498 | Depths:3 | Reached skill level 6 in Conjurations
 56592 | Depths:3 | Reached skill level 7 in Ice Magic
 56593 | Depths:3 | Reached skill level 12 in Spellcasting
 57166 | Depths:3 | Got an encrusted morningstar
 57194 | Depths:3 | Found an iron altar of Okawaru.
 57227 | Depths:3 | Got a fine hat
 57238 | Depths:3 | Identified the +0 hat "Kottauw" {*Confuse rPois rN+ Str+4} (You found it on level 3 of the Depths)
 57269 | Depths:3 | Got a blackened hat
 57280 | Depths:3 | Identified the +2 hat of Submission {rElec MP-9 Dex+3 SInv} (You found it on level 3 of the Depths)
 57436 | Depths:4 | Reached skill level 20 in Unarmed Combat
 57595 | Depths:4 | Paralysed by a great orb of eyes for 5 turns
 57636 | Depths:4 | Found a one-way gate to the infinite horrors of the Abyss.
 57712 | Depths:4 | Reached skill level 20 in Dodging
 57938 | Depths:4 | Paralysed by a great orb of eyes for 3 turns
 57938 | Depths:4 | HP: 62/253 [green very ugly thing (13)]
 57939 | Depths:4 | HP: 27/253 [disintegration (36)]
 57940 | Depths:4 | HP: 11/253 [great orb of eyes (7)]
 57940 | Depths:4 | Mangled by a green very ugly thing

Vault maps used:
D:1:      lemuel_arrival_broad_hall
D:2:      fedhas_altar_1, cheibriados_altar_wand_db,
          ashenzari_conservatory_becter, serial_forest,
          infiniplex_forest_straight_3, infiniplex_forest_end_3,
          infiniplex_forest_lined_3, infiniplex_forest_clump_curved,
          infiniplex_forest_corner_1, infiniplex_forest_clump_long,
          grunt_gozag_statues, uniq_jessica
D:4:      minmay_box_of_dots, uniq_pikel, uniq_natasha
D:5:      first_bread, nicolae_underground_beach, uniq_eustachio
D:6:      minmay_temple_entry_water_ring, trog_hazing_becter, uniq_blork_the_orc
D:8:      grunt_lair_entry_elf_guard_hut, uniq_maurice, uniq_psyche
D:9:      statuecave_lemuel, serial_shops, nicolae_shop_waterfront,
          nicolae_shop_waterfront, nicolae_shop_behind_doors,
          hangedman_pestilent_swarm, tso_metal_star
D:10:     special_room, xom_confusion_cloud
D:11:     zombieorc2_lemuel, uniq_urug
D:13:     lightli_elemental_guards
D:14:     grunt_vaults_entry_fortified, basic_altar, serial_bayou,
          serial_bayou_lagoon_b, serial_bayou_shore_b, serial_bayou_pond_c,
          serial_bayou_pond_a, serial_bayou_lake_a
D:15:     grunt_enter_depths_hoard, minmay_misc_feat_columns, minivault_19,
          minmay_misc_feat_enclosed
Lair:1:   special_room
Lair:2:   grunt_forest_stairs_basic, zaba_antful_of_joy, serial_bayou_shore_b,
          uniq_gastronok
Lair:3:   lab_entry_generic, lemuel_fruit_tree, uniq_sonja, uniq_harold,
          uniq_rupert
Lair:4:   mu_elephants_graveyard, kilobyte_rumbling_trees,
          infiniplex_staircase_pool
Lair:5:   minmay_snake_entry_guardpost_small, disabler_island
Lair:6:   minmay_swamp_entry_swarm, slime_altar_1, zaba_anthole,
          serial_bayou_shore_a
Lair:7:   minmay_holes, lemuel_oklob_altar, grunt_megastairs_5,
          serial_bayou_shore_b
Lair:8:   guppyfry_lair_end_dragon, hangedman_lair_caniforms_friends
Swamp:1:  evilmike_swamp_ruin_house_4, swamp_pool2, nicolae_swamp_dense_foliage
Swamp:2:  basic_altar, uniq_jorgrun
Swamp:3:  nicolae_swamp_treefoil, swamp_pool3
Swamp:4:  swamp_old_school
Snake:1:  basic_altar
Snake:2:  statue_in_the_mist_lemuel, grunt_megastairs_2
Snake:3:  grunt_megastairs_3, uniq_aizul, uniq_vashnia, uniq_azrael, uniq_wiglaf
Snake:4:  snake_pit
Orc:1:    nicolae_for_you_no_charge
Orc:2:    serial_shops, shop_statue, enter_volcano_1, basic_altar
Orc:3:    basic_altar, nicolae_orc_pool_cavern, trog_butcher_becter,
          uniq_erolcha
Orc:4:    st_orc_congregation
Elf:1:    hangedman_corner_corridor, st_stairs_4, nicolae_elf_w_pinch,
          minivault_5, sword_in_stone, uniq_kirke
Vaults:1: v_rooms_5, v_alt_pattern_6, vaults_room_boxed, v_misc_16,
          vaults_mumra_hex, vaults_room_grunt_arrival_ludios,
          nicolae_vaults_little_squares_4, uniq_norris
Vaults:2: grunt_vaults_funnel, grunt_vaults_focal, v_misc_29,
          ontoclasm_vaults_idyll, hangedman_vaults_maws,
          minmay_crypt_entry_simple_statues, ontoclasm_vaults_twist, st_check,
          vaults_mumra_minichess_inversion, hangedman_vaults_stagger, v_misc_33,
          uniq_jory
Vaults:3: nicolae_vaults_twisting_passages, ontoclasm_vaults_tryst,
          grunt_vaults_bifocal, v_rooms_3, vaults_room_stairs_pillars,
          special_room_vaults, dpeg_vaults_monster_box, hangedman_vaults_stream,
          v_misc_27, nicolae_vaults_border_crossing,
          nicolae_vaults_little_squares_5, vaults_room_fancy_cross,
          grunt_vaults_diagonal, vaults_dpeg_encased_lava,
          ontoclasm_vaults_ligature, serial_shops, statue_bzr, uniq_saint_roka
Vaults:4: vaults_room_door_ring, v_misc_2, v_misc_10, nicolae_vaults_rhombus_5,
          hangedman_vaults_locks, nicolae_vaults_little_squares_2,
          ontoclasm_vaults_loading_screen, nicolae_vaults_sealed_display,
          vaults_dpeg_cross, ontoclasm_vaults_ring_large,
          hangedman_vaults_pinch, v_misc_19, v_misc_24, basic_altar,
          uniq_mennas, uniq_frederick, uniq_xtahua
Crypt:1:  grunt_crypt_arrival_webbed
Crypt:2:  lightli_enter_wizlab_magi_temple, minmay_guarded_unrand_curses
Crypt:3:  evilmike_haunted_forest, uniq_mara
Depths:1: nicolae_trove_entry_crystal, hangedman_abyss_or_decor_stabs,
          pf_hell_entry_tar_spiral, minmay_orc_keep, kennysheep_random_hallway
Depths:2: wad_cavern_with_rooms, hell_entry, pan_entry, dk_noncrumbling_2
Depths:3: evilmike_iron_armoury, enter_ziggurat_c, rand_demon_pan_entry_5,
          kennysheep_nub, hell_entry, infiniplex_staircase_pillars_3a,
          serial_bayou_shore_b
Depths:4: thingy_vault, pan_entry, pf_dread_powers_of_hell,
          abyss_entry_small_statue_room, minmay_statues_item,
          minmay_staircase_windowed_small
Lab:      labyrinth_spiral
Bazaar:   bazaar_long_row
WizLab:   wizlab_doroklohe

Action                   |  1- 3 |  4- 6 |  7- 9 | 10-12 | 13-15 | 16-18 | 19-21 | 22-24 | 25-27 || total
-------------------------+-------+-------+-------+-------+-------+-------+-------+-------+-------++-------
Melee: Unarmed           |    91 |   167 |   354 |   468 |  1152 |   918 |  1281 |  1125 |   691 ||  6247
 Cast: Beastly Appendage |       |     2 |       |       |     1 |       |       |       |       ||     3
       Spider Form       |       |       |    24 |     9 |     3 |     1 |     1 |       |     2 ||    40
       Blade Hands       |       |       |       |    21 |    81 |    34 |     3 |     2 |       ||   141
       Ice Form          |       |       |       |     1 |     7 |       |       |       |       ||     8
       Statue Form       |       |       |       |       |       |    57 |    66 |    68 |    48 ||   239
       Deflect Missiles  |       |       |       |       |       |       |     8 |     7 |     4 ||    19
       Condensation Shie |       |       |       |       |       |       |       |       |     1 ||     1
       Freezing Cloud    |       |       |       |       |       |       |       |       |     6 ||     6
Invok: Slouch            |       |       |       |     3 |    13 |     7 |     1 |     4 |     3 ||    31
       Step From Time    |       |       |       |       |     1 |     1 |     1 |       |       ||     3
       Bend Time         |       |       |       |       |       |     2 |       |     1 |       ||     3
       Temporal Distorti |       |       |       |       |       |       |       |       |     2 ||     2
Evoke: Wand              |       |     1 |       |       |       |       |     5 |     5 |     4 ||    15
       Deck              |       |       |       |       |     5 |     3 |     4 |       |       ||    12
       Lamp of fire      |       |       |       |       |       |     1 |     1 |     3 |       ||     5
  Use: Scroll            |     3 |     3 |     6 |    12 |     8 |    11 |    11 |    11 |     1 ||    66
       Potion            |     1 |       |     4 |     1 |     2 |     1 |     1 |     6 |       ||    16
 Stab: Sleeping          |     2 |     8 |     6 |    22 |    63 |    26 |    30 |     9 |     8 ||   174
       Distracted        |       |       |     2 |     1 |     5 |     1 |     6 |    12 |     7 ||    34
       Confused          |       |       |       |       |       |     1 |       |       |       ||     1
       Invisible         |       |       |       |       |       |       |       |     5 |       ||     5
  Eat: Chunk             |     1 |     8 |     7 |    15 |    12 |    24 |    16 |     2 |     4 ||    89
       Pizza             |     1 |       |       |       |     1 |     2 |     1 |       |       ||     5
       Beef jerky        |       |       |     1 |     6 |    11 |     2 |     3 |       |     1 ||    24
       Royal jelly       |       |       |       |       |     8 |    15 |     8 |     1 |       ||    32
       Fruit             |       |       |       |       |       |       |     9 |    32 |     2 ||    43
       Bread ration      |       |       |       |       |       |       |       |     2 |     3 ||     5

Vault maps used:
D:1:      lemuel_arrival_broad_hall
D:2:      fedhas_altar_1, cheibriados_altar_wand_db,
          ashenzari_conservatory_becter, serial_forest,
          infiniplex_forest_straight_3, infiniplex_forest_end_3,
          infiniplex_forest_lined_3, infiniplex_forest_clump_curved,
          infiniplex_forest_corner_1, infiniplex_forest_clump_long,
          grunt_gozag_statues, uniq_jessica
D:4:      minmay_box_of_dots, uniq_pikel, uniq_natasha
D:5:      first_bread, nicolae_underground_beach, uniq_eustachio
D:6:      minmay_temple_entry_water_ring, trog_hazing_becter, uniq_blork_the_orc
D:8:      grunt_lair_entry_elf_guard_hut, uniq_maurice, uniq_psyche
D:9:      statuecave_lemuel, serial_shops, nicolae_shop_waterfront,
          nicolae_shop_waterfront, nicolae_shop_behind_doors,
          hangedman_pestilent_swarm, tso_metal_star
D:10:     special_room, xom_confusion_cloud
D:11:     zombieorc2_lemuel, uniq_urug
D:13:     lightli_elemental_guards
D:14:     grunt_vaults_entry_fortified, basic_altar, serial_bayou,
          serial_bayou_lagoon_b, serial_bayou_shore_b, serial_bayou_pond_c,
          serial_bayou_pond_a, serial_bayou_lake_a
D:15:     grunt_enter_depths_hoard, minmay_misc_feat_columns, minivault_19,
          minmay_misc_feat_enclosed
Lair:1:   special_room
Lair:2:   grunt_forest_stairs_basic, zaba_antful_of_joy, serial_bayou_shore_b,
          uniq_gastronok
Lair:3:   lab_entry_generic, lemuel_fruit_tree, uniq_sonja, uniq_harold,
          uniq_rupert
Lair:4:   mu_elephants_graveyard, kilobyte_rumbling_trees,
          infiniplex_staircase_pool
Lair:5:   minmay_snake_entry_guardpost_small, disabler_island
Lair:6:   minmay_swamp_entry_swarm, slime_altar_1, zaba_anthole,
          serial_bayou_shore_a
Lair:7:   minmay_holes, lemuel_oklob_altar, grunt_megastairs_5,
          serial_bayou_shore_b
Lair:8:   guppyfry_lair_end_dragon, hangedman_lair_caniforms_friends
Swamp:1:  evilmike_swamp_ruin_house_4, swamp_pool2, nicolae_swamp_dense_foliage
Swamp:2:  basic_altar, uniq_jorgrun
Swamp:3:  nicolae_swamp_treefoil, swamp_pool3
Swamp:4:  swamp_old_school
Snake:1:  basic_altar
Snake:2:  statue_in_the_mist_lemuel, grunt_megastairs_2
Snake:3:  grunt_megastairs_3, uniq_aizul, uniq_vashnia, uniq_azrael, uniq_wiglaf
Snake:4:  snake_pit
Orc:1:    nicolae_for_you_no_charge
Orc:2:    serial_shops, shop_statue, enter_volcano_1, basic_altar
Orc:3:    basic_altar, nicolae_orc_pool_cavern, trog_butcher_becter,
          uniq_erolcha
Orc:4:    st_orc_congregation
Elf:1:    hangedman_corner_corridor, st_stairs_4, nicolae_elf_w_pinch,
          minivault_5, sword_in_stone, uniq_kirke
Vaults:1: v_rooms_5, v_alt_pattern_6, vaults_room_boxed, v_misc_16,
          vaults_mumra_hex, vaults_room_grunt_arrival_ludios,
          nicolae_vaults_little_squares_4, uniq_norris
Vaults:2: grunt_vaults_funnel, grunt_vaults_focal, v_misc_29,
          ontoclasm_vaults_idyll, hangedman_vaults_maws,
          minmay_crypt_entry_simple_statues, ontoclasm_vaults_twist, st_check,
          vaults_mumra_minichess_inversion, hangedman_vaults_stagger, v_misc_33,
          uniq_jory
Vaults:3: nicolae_vaults_twisting_passages, ontoclasm_vaults_tryst,
          grunt_vaults_bifocal, v_rooms_3, vaults_room_stairs_pillars,
          special_room_vaults, dpeg_vaults_monster_box, hangedman_vaults_stream,
          v_misc_27, nicolae_vaults_border_crossing,
          nicolae_vaults_little_squares_5, vaults_room_fancy_cross,
          grunt_vaults_diagonal, vaults_dpeg_encased_lava,
          ontoclasm_vaults_ligature, serial_shops, statue_bzr, uniq_saint_roka
Vaults:4: vaults_room_door_ring, v_misc_2, v_misc_10, nicolae_vaults_rhombus_5,
          hangedman_vaults_locks, nicolae_vaults_little_squares_2,
          ontoclasm_vaults_loading_screen, nicolae_vaults_sealed_display,
          vaults_dpeg_cross, ontoclasm_vaults_ring_large,
          hangedman_vaults_pinch, v_misc_19, v_misc_24, basic_altar,
          uniq_mennas, uniq_frederick, uniq_xtahua
Crypt:1:  grunt_crypt_arrival_webbed
Crypt:2:  lightli_enter_wizlab_magi_temple, minmay_guarded_unrand_curses
Crypt:3:  evilmike_haunted_forest, uniq_mara
Depths:1: nicolae_trove_entry_crystal, hangedman_abyss_or_decor_stabs,
          pf_hell_entry_tar_spiral, minmay_orc_keep, kennysheep_random_hallway
Depths:2: wad_cavern_with_rooms, hell_entry, pan_entry, dk_noncrumbling_2
Depths:3: evilmike_iron_armoury, enter_ziggurat_c, rand_demon_pan_entry_5,
          kennysheep_nub, hell_entry, infiniplex_staircase_pillars_3a,
          serial_bayou_shore_b
Depths:4: thingy_vault, pan_entry, pf_dread_powers_of_hell,
          abyss_entry_small_statue_room, minmay_statues_item,
          minmay_staircase_windowed_small
Lab:      labyrinth_spiral
Bazaar:   bazaar_long_row
WizLab:   wizlab_doroklohe

Table legend:
 A = Turns spent in this place as a percentage of turns spent in the entire game.
 B = Non-inter-level travel turns spent in this place as a percentage of non-inter-level travel turns spent in the entire game.
 C = Inter-level travel turns spent in this place as a percentage of turns spent in this place.
 D = Turns resting spent in this place as a percentage of non-inter-level travel turns spent in this place.
 E = Turns spent auto-exploring this place as a percentage of non-inter-level travel turns spent in this place.
 F = Non-inter-level travel turns spent in this place divided by the number of levels of this place that you've seen.
                   A       B       C       D       E      F
               +-------+-------+-------+-------+-------+----------------------
         Total | 100.0 | 100.0 |   0.6 |   1.6 |   7.0 | 417.4
       Dungeon |  24.7 |  24.7 |   0.9 |   2.6 |   8.8 | 364.1
          Lair |  14.5 |  14.5 |   0.6 |   2.5 |   5.8 | 401.8
         Swamp |   5.1 |   5.1 |   0.8 |   2.7 |   8.0 | 282.8
     Snake Pit |   8.2 |   8.2 |   1.3 |   2.8 |   8.6 | 452.8
  Orcish Mines |   5.6 |   5.5 |   1.5 |   0.0 |  10.4 | 305.2
   Elven Halls |   1.0 |   1.0 |   0.9 |   1.4 |   8.3 | 218.0
        Vaults |  15.3 |  15.4 |   0.3 |   1.1 |   6.4 | 680.2
         Crypt |   7.0 |   7.0 |   0.6 |   1.0 |   7.4 | 519.7
        Depths |   7.1 |   7.2 |   0.3 |   0.1 |   9.0 | 396.8
         Abyss |   4.9 |   4.9 |   0.0 |   0.0 |   0.0 | 544.5
     Labyrinth |   4.2 |   4.3 |   0.0 |   0.0 |   0.0 | 941.0
        Bazaar |   1.1 |   1.1 |   0.0 |   0.0 |   1.7 | 240.0
        Wizlab |   1.1 |   1.1 |   0.0 |   1.2 |   0.8 | 248.0
               +-------+-------+-------+-------+-------+----------------------

Table legend:
 A = Kills in this place as a percentage of kills in entire the game.
 B = Kills by you in this place as a percentage of kills by you in the entire game.
 C = Kills by friends in this place as a percentage of kills by friends in the entire game.
 D = Other kills in this place as a percentage of other kills in the entire game.
 E = Experience gained in this place as a percentage of experience gained in the entire game.
 F = Experience gained in this place divided by the number of levels of this place that you have seen.
                   A       B       C       D       E      F
               +-------+-------+-------+-------+-------+----------------------
         Total | 100.0 | 100.0 | 100.0 | 100.0 | 100.0 | 23035.6
       Dungeon |  21.4 |  21.5 |   0.0 |   0.0 |   6.2 | 5066.2
          Lair |  15.0 |  15.1 |   0.0 |   0.0 |   6.9 | 10535.2
         Swamp |   5.6 |   5.5 |   0.0 |  23.5 |   5.4 | 16485.8
     Snake Pit |   8.6 |   8.7 |   0.0 |   5.9 |  11.9 | 36383.0
  Orcish Mines |   9.2 |   9.3 |   0.0 |   0.0 |   1.7 | 5071.5
   Elven Halls |   0.7 |   0.7 |   0.0 |   0.0 |   1.0 | 11967.0
        Vaults |  19.0 |  18.9 | 100.0 |  23.5 |  30.8 | 75286.0
         Crypt |   7.8 |   7.8 |   0.0 |   0.0 |  13.4 | 54696.7
        Depths |   8.5 |   8.4 |   0.0 |  29.4 |  16.7 | 50834.0
         Abyss |   3.5 |   3.5 |   0.0 |  17.6 |   4.6 | 28071.5
     Labyrinth |   0.0 |   0.0 |   0.0 |   0.0 |   0.1 | 1025.0
        Wizlab |   0.6 |   0.6 |   0.0 |   0.0 |   1.3 | 15860.0
               +-------+-------+-------+-------+-------+----------------------
